 Dungeon Crawl Stone Soup version 0.18-a0-1805-g8ab820f (webtiles) character file.

127 warlockg3 the Chiller (level 4, -14/31 HPs)
             Began as a Demonspawn Ice Elementalist on Apr 26, 2016.
             Killed by divine providence
             ... invoked by an orc priest
              (15 damage)
             ... on level 3 of the Dungeon.
             The game lasted 00:07:12 (2188 turns).

warlockg3 the Chiller (Demonspawn Ice Elementalist) Turns: 2188, Time: 00:07:14

Health: -14/31     AC:  9    Str:  8    XL:     4   Next: 85%
Magic:  0/7        EV: 12    Int: 17    God:
Gold:   86         SH:  0    Dex: 14    Spells: 3 memorised, 1 level left

rFire  . . .     SeeInvis .     d - +2 mace (protect)
rCold  . . .     Gourm    .     c - +0 leather armour
rNeg   . . .     Faith    .     (no shield)
rPois  .         Spirit   .     (no helmet)
rElec  .         Dismiss  .     (no cloak)
rCorr  .         Reflect  .     (no gloves)
SustAt .         Harm     .     (no boots)
MR     .....                    (no amulet)
Stlth  +++.......               (no ring)
                                q - ring of stealth

@: very slightly contaminated, not resistant to hostile enchantments, fairly
stealthy
A: hooves 1, icy blue scales 1
a: no special abilities


You were on level 3 of the Dungeon.
You were not hungry.

You visited 1 branch of the dungeon, and saw 4 of its levels.

You collected 86 gold pieces.

Inventory:

Hand Weapons
 d - a +2 mace of protection (weapon)
Armour
 a - a +0 robe
 c - a +0 leather armour (worn)
Jewellery
 q - a ring of stealth (left hand)
Wands
 r - a wand of iceblast (7/15)
Scrolls
 f - a scroll of remove curse {unknown}
 g - 4 scrolls of identify {unknown}
 j - a scroll of noise {unknown}
 k - 2 scrolls of magic mapping {unknown}
 m - 4 scrolls of teleportation {unknown}
 n - a scroll of amnesia {unknown}
 s - a scroll of enchant weapon {unknown}
 t - 2 scrolls of blinking {unknown}
Potions
 e - a potion of brilliance {unknown}
 h - 2 potions of invisibility {unknown}
 i - 2 potions of heal wounds {unknown}
 l - a potion of degeneration {unknown}
 o - a potion of ambrosia {unknown}
 p - a potion of lignification {unknown}
Books
 b - a book of Frost

   Spells                             Type                      Level
   a - Freeze                         Ice                          1
   b - Throw Frost                    Conjuration/Ice              2
   c - Ozocubu's Armour               Charms/Ice                   3
   d - Throw Icicle                   Conjuration/Ice              4
   e - Summon Ice Beast               Ice/Summoning                4
Comestibles
 u - 2 bread rations


   Skills:
 + Level 0.4 Fighting
 + Level 1.0 Maces & Flails
 * Level 1.1 Armour
 + Level 3.0 Dodging
 - Level 2.0 Stealth
 * Level 1.4 Unarmed Combat
 + Level 2.1 Spellcasting
 + Level 1.0 Conjurations
 + Level 0.1 Charms
 + Level 3.1 Ice Magic


You had one spell level left.
You knew the following spells:

 Your Spells              Type           Power        Failure   Level  Hunger
a - Freeze                Ice            ##..         10%         1    #......
b - Ozocubu's Armour      Chrm/Ice       #.......     43%         3    ###....
c - Throw Frost           Conj/Ice       #.....       17%         2    ###....


Dungeon Overview and Level Annotations

Branches:
Dungeon (4/15)
 Temple: D:4-7

Altars:
Okawaru


Innate Abilities, Weirdness & Mutations

You have large cloven feet.
You are partially covered in icy blue scales (AC +1).


Message History

Aiming: Throw Frost
Press: ? - help, Shift-Dir - straight line, f/p - orc priest
Aim: an orc priest, wielding a short sword and wearing a leather armour (lightly wounded)
The puff of frost hits the orc priest.
The orc priest is moderately wounded.
The orc priest closely misses you.
You closely miss the orc priest.
The orc priest is moderately wounded.
The orc closely misses you.
The orc priest invokes the aid of Beogh against you.
Beogh smites you! The orc hits you with a club.
* * * LOW HITPOINT WARNING * * *
You hit the orc priest. Your kick misses the orc priest.
The orc priest is moderately wounded.
The orc priest hits you with a short sword.
* * * LOW HITPOINT WARNING * * *
The orc hits you but does no damage.
The orc priest invokes the aid of Beogh against you.
Beogh smites you!
You die...

### #.# # #.### #
#######...########
#@o...............
########o#####.#.#...####
#.....<#.##.............+
###.#..#.##.....(..#.####
#.#..#.#.........#.# #.
#.#..#.##..........###.
#.#..#.....#.#.........
#....#.##.............#
###.##.###...#.######+#


You could see an orc priest and an orc.

Vanquished Creatures
  A giant frog zombie (D:3)
  5 adders
  2 worms (D:2)
  3 giant geckos (D:2)
  5 giant cockroaches
  4 goblins
  3 hobgoblins
  6 jackals
  2 kobolds (D:3)
  A quokka (D:2)
  A ball python (D:3)
  7 bats
  4 rats
44 creatures vanquished.

Notes
Turn   | Place    | Note
--------------------------------------------------------------
     0 | D:1      | warlockg3 the Demonspawn Ice Elementalist began the quest for the Orb.
     0 | D:1      | Reached XP level 1. HP: 13/13 MP: 3/3
   463 | D:2      | Gained mutation: You have large cloven feet. [demonic ancestry]
   463 | D:2      | Reached XP level 2. HP: 17/19 MP: 5/5
   705 | D:2      | Reached XP level 3. HP: 14/24 MP: 0/6
   902 | D:2      | Learned a level 3 spell: Ozocubu's Armour
   905 | D:2      | Learned a level 2 spell: Throw Frost
  1000 | D:2      | Reached skill level 1 in Unarmed Combat
  1489 | D:3      | Found an iron altar of Okawaru.
  1520 | D:3      | Reached skill level 1 in Maces & Flails
  1520 | D:3      | Gained mutation: You are partially covered in icy blue scales (AC +1). [demonic ancestry]
  1520 | D:3      | Reached XP level 4. HP: 18/30 MP: 5/7
  2087 | D:3      | Reached skill level 1 in Armour
  2188 | D:3      | HP: 1/31 [orc priest/short sword (5)]
  2188 | D:3      | Killed from afar by an orc priest

Vault maps used:
D:1:      eino_arrival_druids_welcome
D:2:      glass_columns_b, serial_bayou_crossing
D:3:      first_bread, okawaru_gym_becter
D:4:      marbit_many_paths

Skill      XL: |  1  2  3  4 |
---------------+-------------+-----
Stealth        | 2 |  2.0
Ice Magic      | 3 |  3.1
Dodging        | 2 3 |  3.0
Unarmed Combat | 1 |  1.4
Maces & Flails | 1 |  1.0
Armour         | 1 |  1.1
Fighting       | |  0.4
Spellcasting   | |  2.1
Conjurations   | |  1.0
Charms         | |  0.1

Action                   |  1- 3 |  4- 6 || total
-------------------------+-------+-------++-------
Melee: Mace              |   126 |    33 ||   159
       Kick              |    13 |     6 ||    19
 Cast: Freeze            |     5 |       ||     5
       Ozocubu's Armour  |     3 |       ||     3
       Throw Frost       |       |     4 ||     4
 Stab: Sleeping          |     3 |     4 ||     7
  Eat: Chunk             |     2 |     1 ||     3
       Bread ration      |       |     1 ||     1
Armor: Robe              |    92 |    14 ||   106
       Leather armour    |       |     7 ||     7
Dodge: Dodged            |   165 |    35 ||   200
